AoeStats
← buggsy 23

Lombardia

510233946Analyzed
3v3 RM · 19h ago on Sep 30, 2026· 71m 26s· 6 players
Game mode
Random Map
Map size
Normal (6 player)
Population
200
Speed
Normal
Resources
Standard
Victory
Conquest
Starting age
Dark Age
Ending age
Imperial Age
RankedLock teamsTeams togetherTeam positionsShared explorationLock speedFull tech treeHidden civsTurbo modeCheats
Victory
Defeat
🇺🇸 Burgundians · United States
1053
+10
🇺🇸 Vikings · United States
916
+16
🇺🇸 Persians · United States
819
+20
🇧🇴 Turks · Bolivia
927
-16
🇧🇷 Celts · Brazil
902
-15
🇧🇴 Bohemians · Bolivia
898
-15
OG. Arce Catacora
0:49 Loom
11:04 Feudal Age
11:57 Town Watch
18:54 Horse Collar
19:02 Double-Bit Axe
21:59 Castle Age
25:08 Chemistry
25:44 Padded Archer Armor
25:48 Squires
28:29 Fervor
28:40 Sanctity
30:35 Wheelbarrow
30:15 Heavy Plow
34:06 Wagenburg Tactics
36:35 Imperial Age
35:32 Hand Cart
37:42 Bow Saw
39:00 Conscription
41:47 Caravan
43:11 Siege Engineers
43:52 Hussite Reforms
49:45 Two-Man Saw
51:35 Elite Hussite Wagon
52:59 Block Printing
53:10 Illumination
53:21 Theocracy
52:58 Redemption
53:13 Leather Archer Armor
58:26 Pikeman
T⌂ÖN
3:47 Loom
12:28 Feudal Age
13:12 Double-Bit Axe
14:00 Horse Collar
16:32 Wheelbarrow
21:13 Castle Age
22:55 Bow Saw
22:48 Heavy Plow
23:40 Hand Cart
23:48 Gold Mining
24:26 Padded Archer Armor
25:36 Stone Mining
26:21 Gold Shaft Mining
30:12 Caravan
30:42 Coinage
30:17 Town Watch
31:18 Treadmill Crane
34:23 Imperial Age
34:16 Leather Archer Armor
33:52 Fletching
34:13 Forging
34:35 Elite Janissary
35:35 Conscription
35:23 Artillery
36:05 Ballistics
35:42 Murder Holes
35:59 Masonry
35:56 Arson
36:37 Bloodlines
37:57 Guilds
37:52 Scale Mail Armor
50:32 Husbandry
52:12 Chain Mail Armor
52:02 Scale Barding Armor
52:33 Iron Casting
53:29 Plate Mail Armor
53:16 Fortified Wall
53:38 Architecture
65:07 Chain Barding Armor
thenoobmaster-69
0:35 Loom
12:47 Feudal Age
13:48 Double-Bit Axe
14:44 Wheelbarrow
14:01 Horse Collar
27:38 Castle Age
29:25 Bow Saw
32:24 Fortified Wall
32:35 Gold Mining
32:36 Stone Mining
33:28 Caravan
38:47 Pikeman
39:12 Arson
40:19 Stronghold
49:44 Scale Mail Armor
49:56 Forging
55:35 Imperial Age
54:26 Chain Mail Armor
54:46 Iron Casting
66:50 Halberdier
buggsy 23
11:48 Feudal Age
13:57 Double-Bit Axe
14:56 Horse Collar
19:46 Castle Age
18:07 Arson
18:41 Forging
18:32 Scale Mail Armor
20:29 Man-at-Arms
21:11 Squires
21:23 Heavy Plow
21:47 Bow Saw
22:47 Gold Mining
22:47 Stone Mining
25:21 Chain Mail Armor
24:34 Long Swordsman
32:43 Imperial Age
30:25 Caravan
32:17 Iron Casting
33:41 Ballistics
33:13 Heated Shot
33:05 Treadmill Crane
35:02 Crop Rotation
35:37 Two-Man Saw
35:20 Conscription
37:17 Chemistry
36:33 Pikeman
39:58 Elite Skirmisher
42:15 Scale Barding Armor
43:11 Blast Furnace
42:53 Fletching
43:04 Padded Archer Armor
44:57 Bodkin Arrow
49:52 Bracer
50:08 Leather Archer Armor
61:07 Siege Engineers
68:25 Ring Archer Armor
72:02 Plate Mail Armor
72:34 Blast Furnace
CptJimmer
3:59 Loom
11:13 Feudal Age
12:23 Wheelbarrow
12:03 Double-Bit Axe
19:43 Horse Collar
19:56 Gold Mining
19:57 Stone Mining
25:05 Castle Age
25:55 Hand Cart
25:47 Heavy Plow
26:58 Bow Saw
27:35 Town Watch
32:00 Caravan
33:47 Gold Shaft Mining
32:39 Elite Skirmisher
33:23 Fletching
38:44 Imperial Age
38:05 Ballistics
37:57 Masonry
37:46 Murder Holes
37:55 Bodkin Arrow
40:06 Two-Man Saw
39:54 Conscription
39:37 Kamandaran
41:35 Thumb Ring
40:51 Crossbowman
43:06 Citadels
43:32 Hoardings
43:34 Elite War Elephant
44:26 Scale Barding Armor
44:32 Forging
44:23 Padded Archer Armor
45:21 Husbandry
45:31 Bloodlines
44:43 Light Cavalry
48:58 Heavy Scorpion
54:35 Crop Rotation
54:31 Chain Barding Armor
54:47 Iron Casting
54:13 Scale Mail Armor
54:29 Leather Archer Armor
54:38 Hussar
61:42 Plate Barding Armor
62:08 Blast Furnace
61:30 Chain Mail Armor
67:29 Chemistry
67:01 Architecture
70:12 Cavalier
FreshUCakes
6:32 Double-Bit Axe
7:27 Loom
11:15 Feudal Age
10:05 Horse Collar
11:38 Gold Mining
13:15 Bow Saw
16:47 Forging
18:26 Scale Barding Armor
21:37 Castle Age
21:06 Fletching
21:56 Cavalier
22:39 Husbandry
24:46 Two-Man Saw
23:46 Town Watch
25:00 Heavy Plow
26:24 Wheelbarrow
28:20 Hand Cart
28:59 Town Patrol
29:52 Crop Rotation
31:10 Gold Shaft Mining
31:52 Burgundian Vineyards
33:01 Chain Barding Armor
35:10 Caravan
35:49 Stone Mining
40:09 Imperial Age
40:24 Paladin
41:49 Capped Ram
44:25 Conscription
48:37 Plate Barding Armor
48:38 Iron Casting
48:03 Bodkin Arrow
51:10 Conscription
55:00 Hoardings
53:53 Elite Coustillier
56:36 Stone Shaft Mining
57:05 Blast Furnace
56:06 Bracer
59:49 Sappers
60:22 Squires
60:07 Arson
59:44 Man-at-Arms
60:43 Treadmill Crane
62:04 Chemistry
61:03 Murder Holes
61:19 Fortified Wall
61:19 Masonry
63:29 Elite Skirmisher
63:30 Crossbowman
66:41 Light Cavalry
Connection lost

Rejoining the realm…

Still unreachable

The connection could not be restored.

Session expired

The server has moved on; the page needs a fresh start.